 Dungeon Crawl Stone Soup version 0.29.1-15-g9cfb28693d (webtiles) character file.

Game seed: 11996197479155142110

2838 Calibrex the Grappler (level 9, -9/84 HPs)
             Began as a Troll Fighter on Mar 28, 2023.
             Was an Initiate of Wu Jian.
             Mangled by an orc warrior
             ... wielding a +0 glaive
              (11 damage)
             ... on level 6 of the Dungeon.
             The game lasted 00:12:40 (4410 turns).

Calibrex the Grappler (Troll Fighter)               Turns: 4410, Time: 00:12:40

Health: -9/84      AC:  4    Str: 26    XL:     9   Next: 46%
Magic:  8/8        EV:  8    Int:  8    God:    Wu Jian [......]
Gold:   339        SH:  9    Dex:  9    Spells: 8/8 levels left

rFire   . . .      SeeInvis .     - Unarmed
rCold   . . .      Faith    .   b - +1 kite shield
rNeg    . . .      Spirit   .   a - +0 robe
rPois   .          Reflect  .   (helmet restricted)
rElec   .          Harm     .   (no cloak)
rCorr   .          Rampage  .   (gloves unavailable)
Will    .....                   (boots unavailable)
Stlth   +.........              (no amulet)
HPRegen 1.04/turn               l - ring of wizardry
MPRegen 0.11/turn               (no ring)

@: studying Transmutations
A: large, unfitting armour, claws 3, regeneration 1, shaggy fur 1, tough skin 1
a: Renounce Religion


You were on level 6 of the Dungeon.
You worshipped Wu Jian.
Wu Jian was noncommittal.
You visited 2 branches of the dungeon, and saw 7 of its levels.

You collected 339 gold pieces.

Inventory:

Missiles
 k - 4 boomerangs
 r - 6 javelins
 v - 3 poisoned darts (quivered)
 y - a curare-tipped dart
Armour
 a - a +0 robe (worn)
 b - a +1 kite shield (worn)
Jewellery
 i - an amulet of faith
 l - a ring of wizardry (left claw)
Wands
 A - a wand of flame (25)
Scrolls
 f - 5 scrolls of teleportation
 g - 2 scrolls of butterflies
 w - a scroll of silence {unknown}
Potions
 c - a potion of might
 j - a potion of ambrosia
 m - a potion of curing
 n - a potion of cancellation
 q - 2 potions of brilliance
 t - a potion of haste
 x - 2 potions of lignification
 z - a potion of invisibility


   Skills:
 + Level 3.8 Fighting
 + Level 0.1 Throwing
 - Level 2.4 Dodging
 + Level 1.0 Stealth
 + Level 5.6 Shields
 * Level 11.3 Unarmed Combat


You had 8 spell levels left.
You didn't know any spells.
Your spell library contained the following spells:

 Spells                   Type           Power      Damage    Failure   Level
 Blink                    Tloc           0%         N/A       45%         2
 Sublimation of Blood     Necr           0%         N/A       45%         2
 Ignite Poison            Fire/Tmut/Pois 0%         N/A       69%         3
 Lesser Beckoning         Tloc           0%         N/A       69%         3
 Mephitic Cloud           Conj/Pois/Air  0%         N/A       69%         3
 Portal Projectile        Hex/Tloc       0%         N/A       69%         3
 Tukima's Dance           Hex            0%         N/A       69%         3
 Petrify                  Tmut/Erth      0%         N/A       97%         4
 Blade Hands              Tmut           0%         N/A       100%        5
 Freezing Cloud           Conj/Ice/Air   0%         6-21      100%        5
 Irradiate                Conj/Tmut      0%         3d11      100%        5
 Manifold Assault         Tloc           0%         N/A       100%        5


Dungeon Overview and Level Annotations

Branches:
Dungeon (6/15)             Temple (1/1) D:6

Altars:
Dithmenos
Elyvilon
Gozag
Hepliaklqana
Kikubaaqudgha
Makhleb
Nemelex Xobeh
Okawaru
Qazlal
Trog
Wu Jian
Xom
Yredelemnul
Zin
The Shining One


Innate Abilities, Weirdness & Mutations

You are too large for most types of armour.
You have claws for hands.
Your natural rate of healing is unusually fast.
You are covered in fur. (AC +1)
You have tough skin. (AC +1)


Message History

There is an open translucent door, spattered with blood here.
Things that are here:
a +0 war axe; a +0 plate armour; an orc corpse The orc wizard attacks as you move away!
The orc wizard hits you but does no damage.
The orc wizard casts a spell.
The orc wizard flickers and vanishes!
Deactivating autopickup; reactivate with Ctrl-A.
The orc warrior hits you from afar with a +0 glaive!
Things that are here:
2 scrolls of enchant weapon; a potion of degeneration You scratch the orc.
The orc is heavily wounded.
The orc priest begins to cast a cantrip, but forgets the words!
The orc completely misses you. You block the orc warrior's attack.
You claw the orc!
You kill the orc!
The Council accepts your kill.
The orc warrior hits you from afar with a +0 glaive!!
You miss the orc wizard. The orc wizard casts a spell at you.
The puff of flame hits you!
* * * LOW HITPOINT WARNING * * *
The orc warrior hits you from afar with a +0 glaive!
* * * LOW HITPOINT WARNING * * *
You scratch the orc wizard.
The orc wizard is heavily wounded.
You block the orc wizard's attack. You block the orc warrior's attack.
You scratch the orc wizard.
The orc wizard is severely wounded.
The orc wizard closely misses you. The orc warrior barely misses you.
You mangle the orc wizard!!
You kill the orc wizard!
The Council accepts your kill.
The orc warrior hits you from afar with a +0 glaive!
* * * LOW HITPOINT WARNING * * *
You scratch the orc warrior.
The orc warrior is lightly wounded.
The orc warrior hits you from afar with a +0 glaive!
You die...

##########
#####○§☼§°°o@#
###.....######)#*
##...#####
*#ooo#* #..###


#8ooo8# ##.## *#o{oo§#* [#.# *oooooo.* ...# #°8.o.8§# ...# #§°°§☼°○# ...#
#.......# You could see 2 orc warriors, an orc priest and 14 orcs.

Vanquished Creatures
  Sigmund (D:3)
  2 orc warriors (D:6)
  4 black bears
  An ogre (D:6)
  5 centaurs
  2 phantoms
  A kobold brigand (D:6)
  2 necrophages
  2 bullfrogs (D:6)
  2 scorpions (D:4)
  7 wights (D:6)
  2 howler monkeys
  A jelly (D:6)
  5 hounds
  An orc priest (D:4)
  3 iguanas
  4 orc wizards
  4 adders
  5 gnolls
  An ufetubus (D:4)
  2 worms
  4 dart slugs
  33 orcs
  3 endoplasms
  A giant cockroach (D:2)
  10 goblins
  8 hobgoblins
  8 jackals
  11 kobolds
  2 quokkas
  11 ball pythons
  7 bats
  8 frilled lizards
  6 rats
169 creatures vanquished.

Notes
Turn   | Place    | Note
-------+----------+-------------------------------------------
     0 | D:1      | Calibrex the Troll Fighter began the quest for the Orb.
     0 | D:1      | Reached XP level 1. HP: 22/22 MP: 0/0
   269 | D:1      | Reached XP level 2. HP: 29/29 MP: 1/1
   798 | D:2      | Found a stormy altar of Qazlal.
   813 | D:2      | Reached skill level 3 in Unarmed Combat
   813 | D:2      | Reached XP level 3. HP: 22/36 MP: 2/2
  1096 | D:2      | Reached XP level 4. HP: 44/44 MP: 3/3
  1351 | D:3      | Found an ancient bone altar of Kikubaaqudgha.
  1530 | D:3      | Noticed a phantom
  1541 | D:3      | Killed a phantom
  1542 | D:3      | Reached skill level 4 in Unarmed Combat
  1542 | D:3      | Reached XP level 5. HP: 44/52 MP: 4/4
  1643 | D:3      | Found a faded altar of an unknown god.
  1646 | D:3      | Noticed Sigmund
  1655 | D:3      | Killed Sigmund
  1656 | D:3      | Reached skill level 5 in Unarmed Combat
  1656 | D:3      | Reached XP level 6. HP: 59/59 MP: 5/5
  2018 | D:4      | Reached skill level 6 in Unarmed Combat
  2184 | D:4      | Reached XP level 7. HP: 49/67 MP: 6/6
  2387 | D:4      | Found a basalt altar of Yredelemnul.
  2467 | D:5      | Entered Level 5 of the Dungeon
  2473 | D:5      | Reached skill level 7 in Unarmed Combat
  2536 | D:5      | Reached skill level 8 in Unarmed Combat
  2728 | D:5      | Reached XP level 8. HP: 75/75 MP: 7/7
  2940 | D:5      | Identified the +6 falchion of the Many Knives {flame, rElec
                  | Int+3}
  2957 | D:5      | Reached skill level 9 in Unarmed Combat
  3442 | D:6      | Reached skill level 1 in Stealth
  3442 | D:6      | Reached skill level 10 in Unarmed Combat
  3557 | D:6      | Found a runed translucent door.
  3643 | D:6      | Reached XP level 9. HP: 42/83 MP: 8/8
  3651 | D:6      | Reached skill level 5 in Shields
  3655 | D:6      | HP: 3/83 [wight/+0 halberd (5)]
  3655 | D:6      | HP: 1/82 [wight/+0 halberd (2)]
  3740 | D:6      | Found a staircase to the Ecumenical Temple.
  3763 | Temple   | Entered the Ecumenical Temple
  3863 | Temple   | Became a worshipper of the Wu Jian Council
  3947 | D:6      | Found an iron altar of Okawaru.
  4082 | D:6      | Reached skill level 11 in Unarmed Combat
  4409 | D:6      | HP: 1/84 [orc warrior/+0 glaive (14)]
  4410 | D:6      | Mangled by an orc warrior

Illustrated notes

Levels and vault maps discovered:
D:1:      erik_arrival_triangle_small, layout_loops_corners, minmay_tromino_v4_a
D:2:      layout_basic, basic_altar, minmay_quadrilaterals
D:3:      layout_loops_ring, kiku_gazebo_garden_becter, basic_ecumenical_altar,
          uniq_sigmund
D:4:      layout_rooms, mainiacjoe_overflow_small_starburst, minmay_quantized
D:5:      layout_basic, minmay_manual_mares
D:6:      layout_rooms, okawaru_altar_gauntlet_db, minmay_temple_entry_ruins,
          lightli_church_of_beogh
Temple:   nicolae_temple_x_marks_the_god

Skill      XL: |  1  2  3  4  5  6  7  8  9 |
---------------+----------------------------+-----
Shields        | 3 4 5 |  5.6
Unarmed Combat | 3 4 5 6 8 10 11 | 11.3
Fighting       | 3 |  3.8
Stealth        | 1 |  1.0
Throwing       | |  0.1
Dodging        | |  2.4

Action                   |  1- 3 |  4- 6 |  7- 9 || total
-------------------------+-------+-------+-------++-------
Melee: Unarmed           |   114 |   120 |   266 ||   500
Throw: Boomerang         |       |       |     2 ||     2
       Dart              |       |       |     1 ||     1
Invok: Lunge             |       |       |     8 ||     8
  Use: Scroll            |       |       |    16 ||    16
 Stab: Sleeping          |       |       |     1 ||     1
Armor: Robe              |    39 |    27 |    51 ||   117
Dodge: Dodged            |    43 |    30 |   102 ||   175
Block: Kite shield       |    40 |    24 |   118 ||   182
